 Seeded DCSS version 0.29-a0-676-ga64570c9d2 (webtiles) character file.

Game seed: 11281427841516483749 (custom seed)

3917 zeratav the Archer (level 10, -2/60 HPs)
             Began as a Tengu Hunter on June 24, 2022.
             Was an Elder of Okawaru.
             Succumbed to a green ugly thing's poison
             ... on level 8 of the Dungeon.
             The game lasted 00:18:28 (11236 turns).

zeratav the Archer (Tengu Hunter)                  Turns: 11236, Time: 00:18:28

Health: -2/60      AC:  4    Str: 11    XL:     10   Next: 20%
Magic:  14/14      EV: 22    Int: 17    God:    Okawaru [****..]
Gold:   383        SH:  0    Dex: 21    Spells: 9/9 levels left

rFire   . . .      SeeInvis .   a - +3 shortbow {bow}
rCold   . . .      Faith    .   (shield currently unavailable)
rNeg    . . .      Spirit   .   b - +0 leather armour
rPois   .          Reflect  .   (helmet restricted)
rElec   .          Harm     .   (no cloak)
rCorr   .          Rampage  .   y - +0 pair of gloves
Will    .....                   (boots unavailable)
Stlth   +++.......              (no amulet)
HPRegen 0.20/turn               m - +4 ring of evasion
MPRegen 0.14/turn               n - +6 ring of intelligence

@: lethally poisoned (-2 -> -32), flying quickly and evasively, quick
A: beak, talons 3, nimble flight
a: Renounce Religion, Heroism, Finesse


You were on level 8 of the Dungeon.
You worshipped Okawaru.
Okawaru was greatly pleased with you.
You visited 1 branch of the dungeon, and saw 9 of its levels.

You collected 383 gold pieces.


Innate Abilities, Weirdness & Mutations

You have a beak for a mouth.
You have claws for feet.
Your magical nature lets you fly swiftly and evasively.


   Skills:
 + Level 5.7 Fighting
 + Level 11.5 Bows
 + Level 6.3 Dodging
 - Level 5.0 Stealth
 - Level 0.2 Unarmed Combat
 - Level 5.0 Invocations


You had 9 spell levels left.
You didn't know any spells.
Your spell library contained the following spells:

 Spells                   Type           Power      Damage    Failure   Level
 Freeze                   Ice            0%         1d3       30%         1
 Static Discharge         Conj/Air       0%         N/A       43%         2
 Frozen Ramparts          Ice            0%         1d2       67%         3
 Inner Flame              Hex/Fire       0%         N/A       67%         3
 Cause Fear               Hex            0%         N/A       97%         4
 Hailstorm                Conj/Ice       0%         3d3       97%         4
 Lightning Bolt           Conj/Air       0%         1d11      100%        5
 Discord                  Hex            0%         N/A       100%        8
 Maxwell's Capacitive Co  Air            0%         ∞         100%        8

Inventory:

Hand Weapons
 a - a +3 shortbow (weapon) {bow}
 x - a +0 falchion of draining {long}
   (You found it on level 6 of the Dungeon)
Armour
 b - a +0 leather armour (worn)
 y - a +0 pair of gloves (worn)
   (You found it on level 7 of the Dungeon)
Jewellery
 m - a +4 ring of evasion (left hand)
   (You found it on level 3 of the Dungeon)
 n - a +6 ring of intelligence (right hand)
   (You took it off a kobold on level 3 of the Dungeon)
Wands
 d - a wand of iceblast (6)
   (You found it on level 8 of the Dungeon)
 r - a wand of digging (4)
   (You found it on level 6 of the Dungeon)
 s - a wand of flame (17)
   (You found it on level 5 of the Dungeon)
Scrolls
 c - 2 scrolls of immolation {!r!r}
 f - 2 scrolls of magic mapping {!r}
 h - 2 scrolls of enchant armour
 i - a scroll of fear
 j - a scroll of vulnerability {!r!r}
 l - a scroll of silence {!r}
 o - a scroll of amnesia
 w - 2 scrolls of teleportation {@r4}
 E - a scroll of blinking {unknown}
Potions
 e - a potion of heal wounds {@q2}
 g - 3 potions of mutation {unknown}
 k - a potion of ambrosia {unknown}
 p - 2 potions of invisibility {unknown}
 t - a potion of flight
 u - 2 potions of magic {unknown}
 v - a potion of brilliance {unknown}
 z - a potion of might {unknown}
 A - 2 potions of attraction {unknown}
 B - a potion of lignification {unknown}

Dungeon Overview and Level Annotations

Branches:
Dungeon (9/15) Zot: 26926  Temple (0/1) D:5
   Lair: D:8-11         Orc: D:9-12

Altars:
Cheibriados
Okawaru
Wu Jian

Shops:
D:2 (

Annotations:
D:4 exclusion: water moccasin, Menkaure
D:6 2 transporters, blackman's ghost, weakling HuDe

######.........# #.#
.......##.########.#
........#..........#
........#†##############
...........#...........#
.....≈..#..#.#########.#
....≈≈≈.#..#.#.......#.#
....≈≈≈.#..#.#.......#.#
......≈.......u.@....#.#
..........##.......#.#.#
...##....)########.#...#
..........# #.#####
.####.....# #.#
...('....## #.#
#####[...# #######.#
...>[....# #.......#
#####....# #.#######


You could see a green ugly thing.


Message History

The green ugly thing poisons you!
HP[-2]
You take 2 damage, and now have 47/60 hp.
Shoot: a) +3 shortbow {bow}
Press: ? - help, Q - select action, (/) - cycle Shift-Dir - straight line, f/p - green ugly thing
Aim: a green ugly thing (lightly wounded, 75% to hit)
You shoot an arrow. The arrow hits the green ugly thing!
You feel very sick.
HP[-4]
You take 4 damage, and now have 43/60 hp.
Shoot: a) +3 shortbow {bow}
Press: ? - help, Q - select action, (/) - cycle Shift-Dir - straight line, f/p - green ugly thing
Aim: a green ugly thing (moderately wounded, 75% to hit)
You shoot an arrow.
The arrow completely misses the green ugly thing.
You feel very sick.
The green ugly thing completely misses you.
HP[-4]
You take 4 damage, and now have 39/60 hp.
Shoot: a) +3 shortbow {bow}
Press: ? - help, Q - select action, (/) - cycle Shift-Dir - straight line, f/p - green ugly thing
Aim: a green ugly thing (moderately wounded, 75% to hit)
You shoot an arrow. The arrow hits the green ugly thing!
You feel very sick.
The green ugly thing completely misses you.
HP[-3]
You take 3 damage, and now have 36/60 hp.
Shoot: a) +3 shortbow {bow}
Press: ? - help, Q - select action, (/) - cycle Shift-Dir - straight line, f/p - green ugly thing
Aim: a green ugly thing (moderately wounded, 75% to hit)
You shoot an arrow.
The arrow closely misses the green ugly thing.
You feel sick.
The green ugly thing closely misses you.
HP[-2]
You take 2 damage, and now have 34/60 hp.
Shoot: a) +3 shortbow {bow}
Press: ? - help, Q - select action, (/) - cycle Shift-Dir - straight line, f/p - green ugly thing
Aim: a green ugly thing (moderately wounded, 75% to hit)
You shoot an arrow. The arrow hits the green ugly thing.
You feel very sick.
HP[-3]
You take 3 damage, and now have 31/60 hp.
Shoot: a) +3 shortbow {bow}
Press: ? - help, Q - select action, (/) - cycle Shift-Dir - straight line, f/p - green ugly thing
Aim: a green ugly thing (heavily wounded, 75% to hit)
You shoot an arrow. The arrow hits the green ugly thing.
You feel sick.
The green ugly thing closely misses you.
HP[-2]
You take 2 damage, and now have 29/60 hp.
Shoot: a) +3 shortbow {bow}
Press: ? - help, Q - select action, (/) - cycle Shift-Dir - straight line, f/p - green ugly thing
Aim: a green ugly thing (heavily wounded, 75% to hit)
You shoot an arrow.
The arrow closely misses the green ugly thing.
You feel sick. The green ugly thing misses you.
Shoot: a) +3 shortbow {bow}
Press: ? - help, Q - select action, (/) - cycle Shift-Dir - straight line, f/p - green ugly thing
Aim: a green ugly thing (heavily wounded, 75% to hit)
You shoot an arrow.
The arrow hits the green ugly thing but does no damage.
You feel sick. The green ugly thing misses you.
HP[-2]
You take 2 damage, and now have 27/60 hp.
Shoot: a) +3 shortbow {bow}
Press: ? - help, Q - select action, (/) - cycle Shift-Dir - straight line, f/p - green ugly thing
Aim: a green ugly thing (heavily wounded, 75% to hit)
You shoot an arrow. The arrow hits the green ugly thing!
You feel sick.
The green ugly thing completely misses you.
HP[-1]
You take 1 damage, and now have 26/60 hp.
Shoot: a) +3 shortbow {bow}
Press: ? - help, Q - select action, (/) - cycle Shift-Dir - straight line, f/p - green ugly thing
Aim: a green ugly thing (heavily wounded, 75% to hit)
You shoot an arrow. The arrow hits the green ugly thing.
You feel sick.
HP[-1]
You take 1 damage, and now have 25/60 hp.
Shoot: a) +3 shortbow {bow}
Press: ? - help, Q - select action, (/) - cycle Shift-Dir - straight line, f/p - green ugly thing
Aim: a green ugly thing (severely wounded, 75% to hit)
You shoot an arrow.
The arrow hits the green ugly thing but does no damage.
You feel sick. The green ugly thing pecks you.
* * * LOW HITPOINT WARNING * * *
You are lethally poisoned!
The green ugly thing poisons you!
HP[-5]
You take 5 damage, and now have 20/60 hp.
You feel like a meek peon again.
* * * LOW HITPOINT WARNING * * *
You feel extremely sick.
HP[-7]
You take 7 damage, and now have 13/60 hp.
The green ugly thing attacks as you move away!
The green ugly thing pecks you!
* * * LOW HITPOINT WARNING * * *
You die...

Skill      XL: |  1  2  3  4  5  6  7  8  9 10 |
---------------+-------------------------------+-----
Stealth        | 2 3 4 5 |  5.0
Bows           | 5 6 8 10 11 | 11.5
Invocations    | 1 3 5 |  5.0
Dodging        | 5 6 |  6.3
Fighting       | 5 |  5.7
Unarmed Combat | |  0.2

Action                   |  1- 3 |  4- 6 |  7- 9 | 10-12 || total
-------------------------+-------+-------+-------+-------++-------
Melee: Falchion          |       |       |       |     2 ||     2
 Fire: Shortbow          |    58 |   151 |   410 |    95 ||   714
Invok: Heroism           |       |       |     2 |     1 ||     3
       Finesse           |       |       |     1 |       ||     1
Evoke: Wand              |       |       |     1 |       ||     1
  Use: Potion            |       |       |     6 |       ||     6
       Scroll            |       |       |     9 |       ||     9
Armor: Leather armour    |     6 |     9 |    21 |     4 ||    40
Dodge: Dodged            |    18 |    29 |   223 |    55 ||   325

Levels and vault maps discovered:
D:1:      nzn_arrival_crosshair, layout_basic,
          dilly_ecumenical_altar_fadedgnrine
D:2:      layout_loops_ring, serial_shops, nicolae_shop_hallway_stairs,
          uniq_jessica
D:3:      layout_basic
D:4:      layout_rooms, grunt_temple_overflow_open, overflow_temple_1_default,
          minmay_liquid_box, uniq_menkaure
D:5:      layout_basic, minmay_temple_entry_offerings, grunt_ministairs_14
D:6:      layout_loops_ring, gammafunk_ghost_stat_death, uniq_eustachio
D:7:      layout_basic, minmay_parallelograms
D:8:      layout_basic
D:9:      layout_irregular_city, mainiacjoe_overflow_alcove_4, lair_entry_dummy

Notes
Turn   | Place    | Note
-------+----------+-------------------------------------------
     0 | D:1      | zeratav the Tengu Hunter began the quest for the Orb.
     0 | D:1      | Reached XP level 1. HP: 12/12 MP: 2/2
     0 | D:1      | magus.rc [v1.9.6]
   302 | D:1      | Found a faded altar of an unknown god.
   375 | D:1      | Reached skill level 2 in Stealth
   407 | D:1      | Reached XP level 2. HP: 17/17 MP: 3/3
   914 | D:2      | Noticed Jessica
   931 | D:1      | HP: 4/17 [Jessica/+0 club (3)]
   932 | D:1      | Killed Jessica
   933 | D:1      | Reached skill level 3 in Stealth
   933 | D:1      | Reached XP level 3. HP: 5/21 MP: 4/4
  1354 | D:2      | Reached skill level 4 in Stealth
  1371 | D:2      | Reached XP level 4. HP: 26/26 MP: 5/5
  1461 | D:2      | You pick up a book of Lightning and begin reading...
  1461 | D:2      | You add the spells Static Discharge, Lightning Bolt and
                  | Maxwell's Capacitive Coupling to your library.
  1671 | D:2      | Found Semp's Weapon Emporium.
  1877 | D:3      | You pick up a book of Frost and begin reading...
  1877 | D:3      | You add the spells Freeze, Frozen Ramparts and Hailstorm to
                  | your library.
  2264 | D:3      | Reached skill level 5 in Stealth
  2625 | D:4      | Noticed a water moccasin
  2719 | D:4      | Gained mutation: Your magical nature lets you fly swiftly
                  | and evasively. [Tengu growth]
  2719 | D:4      | Reached XP level 5. HP: 28/30 MP: 6/6
  2732 | D:4      | Found an iron altar of Okawaru.
  2738 | D:4      | Became a worshipper of Warmaster Okawaru
  2786 | D:4      | Found an ornate altar of the Wu Jian Council.
  2926 | D:4      | Found a snail-covered altar of Cheibriados.
  2962 | D:4      | Reached skill level 5 in Bows
  3191 | D:4      | Noticed Menkaure
  3244 | D:4      | Reached XP level 6. HP: 35/35 MP: 7/7
  3507 | D:5      | Entered Level 5 of the Dungeon
  3542 | D:5      | Reached skill level 6 in Bows
  3604 | D:5      | Reached * piety under Okawaru
  3846 | D:5      | Reached skill level 1 in Invocations
  3906 | D:5      | Reached XP level 7. HP: 40/40 MP: 7/9
  4143 | D:5      | Reached skill level 7 in Bows
  4257 | D:5      | Found a staircase to the Ecumenical Temple.
  4264 | D:5      | You pick up a book of Hexes and begin reading...
  4264 | D:5      | You add the spells Inner Flame, Cause Fear and Discord to
                  | your library.
  4362 | D:5      | Reached skill level 2 in Invocations
  4523 | D:6      | Found a transporter.
  4526 | D:6      | Noticed blackman's ghost (weakling HuDe)
  4568 | D:6      | Reached ** piety under Okawaru
  4572 | D:6      | HP: 10/40 [centaur (3)]
  4577 | D:6      | HP: 8/40 [centaur (1)]
  4579 | D:6      | HP: 3/40 [centaur (3)]
  4583 | D:6      | Reached skill level 3 in Invocations
  4670 | D:6      | Found a transporter.
  4717 | D:5      | HP: 9/40 [bullfrog (4)]
  4719 | D:5      | HP: 2/40 [bullfrog (6)]
  4725 | D:5      | Reached skill level 8 in Bows
  4725 | D:5      | Reached XP level 8. HP: 7/44 MP: 11/11
  5362 | D:6      | Reached skill level 4 in Invocations
  5808 | D:5      | HP: 10/44 [poisoned by a gnoll sergeant]
  5808 | D:5      | HP: 3/44 [gnoll sergeant/+2 spear of venom (7)]
  5813 | D:5      | HP: 10/44 [poisoned by a gnoll sergeant]
  5824 | D:5      | HP: 1/44 [gnoll sergeant/+2 spear of venom (8)]
  6218 | D:6      | Reached skill level 9 in Bows
  6573 | D:6      | Noticed Eustachio
  6586 | D:6      | Killed Eustachio
  6586 | D:6      | Reached *** piety under Okawaru
  6587 | D:6      | Reached skill level 5 in Invocations
  6656 | D:6      | Reached skill level 10 in Bows
  6669 | D:6      | HP: 8/44 [gnoll sergeant/+0 trident (13)]
  7398 | D:5      | Reached XP level 9. HP: 45/48 MP: 13/13
  7776 | D:7      | Reached skill level 3 in Dodging
  7837 | D:7      | Reached skill level 3 in Fighting
  8273 | D:7      | HP: 12/51 [something (6)]
  8663 | D:6      | Reached skill level 4 in Dodging
  9173 | D:7      | Reached skill level 4 in Fighting
  9183 | D:7      | Reached **** piety under Okawaru
  9745 | D:8      | Noticed a hornet
  9768 | D:8      | Reached skill level 5 in Dodging
  9775 | D:8      | HP: 5/52 [hornet (14)]
  9781 | D:8      | Killed a hornet
  9782 | D:8      | Reached skill level 11 in Bows
 10200 | D:8      | Reached skill level 5 in Fighting
 10221 | D:8      | Identified the +8 trident "Noyrepti" {freeze, rN+}
 10266 | D:8      | Reached XP level 10. HP: 59/59 MP: 14/14
 10300 | D:8      | HP: 14/59 [killer bee (8)]
 10489 | D:8      | Reached skill level 6 in Dodging
 11194 | D:9      | Noticed a green ugly thing
 11235 | D:8      | HP: 13/60 [poisoned by a green ugly thing]
 11236 | D:8      | HP: 4/60 [green ugly thing (9)]
 11236 | D:8      | Succumbed to a green ugly thing's poison

Vanquished Creatures
  A hornet (D:8)
  Eustachio (D:6)
  2 water moccasins
  An acid dragon (D:8)
  An ice beast (D:5)
  A black bear (D:6)
  6 sky beasts
  2 centaurs
  2 phantoms (D:5)
  5 bullfrogs
  2 necrophages
  2 gnoll sergeants (D:5)
  2 scorpions (D:6)
  8 wights
  6 killer bees (D:8)
  2 orc priests
  3 hounds
  2 jellies (D:6)
  Jessica (D:1)
  4 iguanas
  8 orc wizards
  9 gnolls
  8 adders
  2 white imps
  An ufetubus (D:6)
  A worm (D:4)
  4 dart slugs
  26 orcs
  9 ball pythons
  3 endoplasms
  3 giant cockroaches
  5 goblins
  3 hobgoblins
  4 jackals (D:2)
  8 quokkas
  6 bats
  4 frilled lizards
  14 kobolds
  2 rats (D:2)
174 creatures vanquished.

Vanquished Creatures (others)
  9 plants (D:1)
9 creatures vanquished.

Grand Total: 183 creatures vanquished

Table legend:
 A = Non-vault XP
 B = Vault XP
 C = Vault XP percentage of total XP
 D = Non-vault monster count
 E = Vault monster count
 F = Vault count percentage of total count
                 A         B        C        D         E       F
            +---------+---------+-------+---------+---------+-------
      Total |    5329 |     268 |   4.8 |     170 |       4 |   2.3
            +---------+---------+-------+---------+---------+-------
        D:1 |      19 |      37 |  66.1 |      12 |       1 |   7.7
        D:2 |      52 |       0 |   0.0 |      24 |       0 |   0.0
        D:3 |      55 |       0 |   0.0 |      20 |       0 |   0.0
        D:4 |     175 |       0 |   0.0 |      21 |       0 |   0.0
        D:5 |     866 |      43 |   4.7 |      17 |       2 |  10.5
        D:6 |    1372 |     188 |  12.1 |      33 |       1 |   2.9
        D:7 |    1137 |       0 |   0.0 |      18 |       0 |   0.0
        D:8 |    1653 |       0 |   0.0 |      25 |       0 |   0.0
            +---------+---------+-------+---------+---------+-------

Illustrated notes

Table legend:
 A = Kills in this place as a percentage of kills in entire the game.
 B = Kills by you in this place as a percentage of kills by you in the entire game.
 C = Kills by friends in this place as a percentage of kills by friends in the entire game.
 D = Other kills in this place as a percentage of other kills in the entire game.
 E = Experience gained in this place as a percentage of experience gained in the entire game.
 F = Experience gained in this place divided by the number of levels of this place that you have seen.
                   A       B       C       D       E      F
               +-------+-------+-------+-------+-------+----------------------
         Total | 100.0 | 100.0 |   N/A |   N/A | 100.0 | 621.9
       Dungeon | 100.0 | 100.0 |   N/A |   N/A | 100.0 | 621.9
               +-------+-------+-------+-------+-------+----------------------

Table legend: (Time is in decaauts)
 A = Elapsed time spent in this place.
 B = Non-inter-level travel time spent in this place.
 C = Inter-level travel time spent in this place.
 D = Time resting spent in this place.
 E = Time spent auto-exploring this place.
 F = Levels seen in this place.
 G = Mean time per level.
                   A        B        C        D        E       F      G
               +--------+--------+--------+--------+--------+-----+--------+
         Total |  10900 |  10392 |    508 |   3100 |   5200 |   9 | 1211.1 |
       Dungeon |  10900 |  10392 |    508 |   3100 |   5200 |   9 | 1211.1 |
               +--------+--------+--------+--------+--------+-----+--------+

Top non-repeatable levels by time:
     D:5: 2817 daAuts
     D:6: 1861 daAuts
     D:7: 1540 daAuts
     D:8: 1162 daAuts
     D:1: 1107 daAuts
     D:3: 832 daAuts
     D:2: 791 daAuts
     D:4: 779 daAuts
     D:9: 7 daAuts
